 Dungeon Crawl Stone Soup version 0.28-a0-1227-ga9037bb4c8 (webtiles) character file.

Game seed: 6419913513223594781

41978 blank1 the Warrior (level 13, 0/141 HPs)
             Began as a Minotaur Fighter on Dec 23, 2021.
             Was the Champion of Okawaru.
             Succumbed to Nessos's poison
             ... on level 5 of the Lair of Beasts.
             The game lasted 00:29:08 (17643 turns).

blank1 the Warrior (Minotaur Fighter)              Turns: 17643, Time: 00:29:08

Health: 0/141      AC: 22    Str: 28    XL:     13   Next: 82%
Magic:  15/15      EV: 11    Int:  8    God:    Okawaru [******]
Gold:   1199       SH:  5    Dex: 12    Spells: 12/12 levels left

rFire   + . .      SeeInvis .   m - +10 trident "Hell-Harrower" {venom, Fragile Str+4 Int+3}
rCold   . . .      Faith    .   c - +0 buckler
rNeg    + . .      Spirit   .   z - +1 plate armour
rPois   .          Reflect  .   G - +1 hat
rElec   .          Harm     .   k - +0 cloak
rCorr   .          Rampage  .   Q - +2 pair of gloves
Will    .....                   (no boots)
Stlth   ..........              (no amulet)
HPRegen 0.33/turn               e - ring of positive energy
MPRegen 0.14/turn               y - ring of protection from fire

@: lethally poisoned (0 -> -21), studying 2 skills
A: horns 2, retaliatory headbutt
a: Renounce Religion, Heroism, Finesse, Duel


You were on level 5 of the Lair of Beasts.
You worshipped Okawaru.
Okawaru was exalted by your worship.
You visited 3 branches of the dungeon, and saw 18 of its levels.
You also visited: Ossuary.

You collected 1199 gold pieces.

Inventory:

Hand Weapons
 m - the +10 trident "Hell-Harrower" (weapon) {venom, Fragile Str+4 Int+3}
   (You found it on level 5 of the Dungeon)

   It poisons the flesh of those it strikes.
   Str:       It affects your strength (+4).
   Int:       It affects your intelligence (+3).
   Fragile:   It will be destroyed if unequipped.
 s - a +2 broad axe of electrocution
 w - a +0 scimitar of flaming
Missiles
 a - a throwing net (quivered)
Armour
 c - a +0 buckler (worn)
 k - a +0 cloak (worn)
 z - a +1 plate armour (worn)
 G - a +1 hat (worn)
 H - a +0 hat of intelligence
 Q - a +2 pair of gloves (worn)
Jewellery
 e - a ring of positive energy (left hand)
 o - a ring of resist corrosion
 y - a ring of protection from fire (right hand)
 A - a ring of see invisible
 I - a ring of positive energy
Wands
 b - a wand of mindburst (19)
 p - a wand of polymorph (5)
 q - a wand of iceblast (46)
 M - a wand of paralysis (5)
 N - a wand of acid (6)
Scrolls
 h - 2 scrolls of fear
 j - a scroll of amnesia
 l - a scroll of blinking
 r - 5 scrolls of teleportation
 t - a scroll of fog
 x - 4 scrolls of magic mapping
 B - a scroll of silence
 D - 6 scrolls of identify
 P - a scroll of enchant weapon
Potions
 d - 2 potions of flight
 f - 2 potions of brilliance
 g - 4 potions of magic
 i - 4 potions of curing
 n - 5 potions of lignification
 u - a potion of cancellation
 v - 2 potions of invisibility
 C - 2 potions of ambrosia
 E - 2 potions of heal wounds
 F - 4 potions of might
 J - a potion of mutation
 K - 2 potions of berserk rage
 L - a potion of attraction
 O - a potion of resistance


   Skills:
 * Level 20.8 Fighting
 - Level 7.0(11.0) Axes
 - Level 13.3(14.0) Polearms
 + Level 12.3 Armour
 - Level 10.0 Dodging
 - Level 4.0 Shields
 - Level 5.0 Invocations


You had 12 spell levels left.
You didn't know any spells.
Your spell library contained the following spells:

 Spells                   Type           Power      Damage    Failure   Level
 Pain                     Necr           0%         1d4       97%         1
 Sandblast                Erth           0%         2d4       97%         1
 Sting                    Tmut/Pois      0%         1d3       97%         1
 Blink                    Tloc           0%         N/A       99%         2
 Passwall                 Tmut/Erth      0%         N/A       99%         2
 Poisonous Vapours        Pois/Air       0%         N/A       99%         2
 Gell's Gravitas          Tloc           0%         N/A       100%        3
 Lesser Beckoning         Tloc           0%         N/A       100%        3
 Ozocubu's Armour         Ice            0%         N/A       100%        3
 Stone Arrow              Conj/Erth      0%         3d7       100%        3
 Teleport Other           Tloc           0%         N/A       100%        3
 Vampiric Draining        Necr           0%         2d6       100%        3
 Airstrike                Air            0%         N/A       100%        4
 Fulminant Prism          Conj/Hex       0%         3d6       100%        4
 Iskenderun's Mystic Bla  Conj/Tloc      0%         2d3       100%        4
 Olgreb's Toxic Radiance  Pois           0%         N/A       100%        4
 Lee's Rapid Deconstruct  Erth           0%         3d5*      100%        5
 Lightning Bolt           Conj/Air       0%         1d11      100%        5
 Manifold Assault         Tloc           0%         N/A       100%        5
 Metabolic Englaciation   Hex/Ice        0%         N/A       100%        5
 Animate Skeleton         Necr           Unusable   N/A       N/A         1
 Summon Lightning Spire   Summ/Air       Unusable   N/A       N/A         4
 Simulacrum               Ice/Necr       Unusable   N/A       N/A         6

Dungeon Overview and Level Annotations

Branches:
Dungeon (11/15)            Temple (1/1) D:7            Lair (6/6) D:11
 Shoals (0/4) Lair:2       Spider (0/4) Lair:4      Ossuary (visited)
  Slime: Lair:5-6       Orc: D:9-12

Altars:
Ashenzari
Cheibriados
Dithmenos
Elyvilon
Fedhas
Gozag
Hepliaklqana
Kikubaaqudgha
Makhleb
Nemelex Xobeh
Okawaru
Qazlal
Ru
Sif Muna
Trog
Uskayaw
Vehumet
Wu Jian
Xom
Yredelemnul
Zin
The Shining One

Shops:
D:2 =(=   D:5 *   D:6 :   D:8 =

Annotations:
Lair:6 Nessos


Innate Abilities, Weirdness & Mutations

You have a pair of horns on your head.
You reflexively headbutt those who attack you in melee.


Message History

You feel very sick.
Nessos casts a spell.
Nessos blinks!
You feel very sick.
Nessos stands on their hind legs for a moment.
Nessos casts a spell.
Nessos blinks!
You feel sick.
Nessos gestures wildly while chanting.
Nessos blinks!
Nessos stands on their hind legs for a moment.
You feel sick.
Nessos shoots an arrow.
You block the arrow.
Nessos gestures wildly while chanting.
Nessos blinks!
Nessos casts a spell.
Nessos blinks!
You feel sick.
Nessos shoots an arrow.
The arrow hits you!
* * * LOW HITPOINT WARNING * * *
The arrow burns you.
You are lethally poisoned!
* * * LOW HITPOINT WARNING * * *
* * * LOW HITPOINT WARNING * * *
You feel very sick.
You feel better. The yak misses you.
Blink to where?
Press: ? - help, Dir - move target
As you read the scroll of blinking, it crumbles to dust.
Nessos casts a spell.
Nessos blinks!
Nessos shoots an arrow.
The arrow hits you.
* * * LOW HITPOINT WARNING * * *
The arrow burns you.
* * * LOW HITPOINT WARNING * * *
Nessos shoots an arrow.
The arrow hits you!
* * * LOW HITPOINT WARNING * * *
The arrow burns you.
You are lethally poisoned!
* * * LOW HITPOINT WARNING * * *
You climb upwards.
You die...

..P#.............#...............
.......##.##.P...................
.....P###.#####..................
.###### #######..................
.# ##P###................. .#
#..###................. .#
#.#.................... ##
####...................... #
#........@....PP..........
#...................P.#... #
#...................###... ###
##.#...............##..... #.#
###...............##..... ..##
#........#..P.....#..... ...#
#####.#.......####..........
...###..###........#.............
.#.....P.........................


There were no monsters in sight!

Vanquished Creatures
  Gastronok (Lair:2)
  4 hydras
  An ogre mage (D:10)
  2 centaur warriors (D:10)
  A catoblepas (Lair:2)
  2 two-headed ogres (D:10)
  A tengu warrior (D:10)
  Sonja (Lair:1)
  Urug (Lair:1)
  A flayed ghost (D:10)
  A lindwurm (Lair:4)
  Pikel (D:6)
  2 ugly things
  2 cyclopes
  4 black mambas
  A torpor snail (Lair:4)
  7 cane toads
  A gargoyle (D:10)
  3 elephants (Lair:6)
  An efreet (D:9)
  A kobold demonologist (D:9)
  8 komodo dragons
  A tengu conjurer (D:10)
  2 rime drakes
  5 trolls
  A troll (shapeshifter) (D:10)
  2 polar bears
  Grinder (D:4)
  4 blink frogs (Lair:3)
  22 dream sheep
  A slime creature (D:10)
  Sigmund (D:3)
  A vampire (D:10)
  A basilisk (D:10)
  Eustachio (D:6)
  2 wraiths (D:10)
  3 wyverns (D:10)
  31 yaks
  8 vampire mosquitoes (D:10)
  Edmund (D:4)
  An acid dragon (D:10)
  Duvessa (D:4)
  9 water moccasins
  4 ice beasts (D:7)
  A black bear (D:6)
  A hornet zombie (D:7)
  3 necrophages
  4 orc warriors
  2 ogres
  9 wolves
  11 centaurs
  A lemure (D:6)
  A phantom (D:5)
  4 kobold brigands
  6 bullfrogs
  A wyvern zombie (D:8)
  A gnoll sergeant (D:7)
  4 water moccasin zombies (Ossuary)
  Dowan (D:4)
  18 killer bees (D:10)
  A wight (D:7)
  A howler monkey (D:10)
  A bullfrog zombie (D:6)
  6 centaur zombies
  4 jellies
  3 hounds
  A gnoll shaman (D:8)
  3 orc priests
  A human skeleton (D:6)
  2 bullfrog skeletons
  2 human zombies (D:6)
  5 iguanas
  11 orc wizards
  A killer bee zombie (D:8)
  A hound skeleton (D:4)
  2 mummies (Ossuary)
  9 gnolls
  7 adders
  A shadow imp (D:6)
  5 white imps
  An ufetubus (D:6)
  An adder skeleton (D:4)
  7 adder zombies
  A worm (D:2)
  4 dart slugs
  25 orcs
  4 endoplasms (D:4)
  2 giant cockroaches
  A goblin (D:3)
  7 hobgoblins
  12 kobolds
  4 quokkas
  4 ball pythons
  6 bats
  5 frilled lizards
  4 gnoll zombies (Ossuary)
  9 hobgoblin zombies (Ossuary)
  6 kobold zombies (Ossuary)
  3 orc skeletons (D:6)
  4 orc zombies (Ossuary)
  3 rats
  A butterfly (D:7)
399 creatures vanquished.

Vanquished Creatures (others)
  An ogre mage (D:10)
  6 fungi
  21 plants
28 creatures vanquished.

Grand Total: 427 creatures vanquished

Notes
Turn   | Place    | Note
-------+----------+-------------------------------------------
     0 | D:1      | blank1 the Minotaur Fighter began the quest for the Orb.
     0 | D:1      | Reached XP level 1. HP: 19/19 MP: 0/0
   324 | D:1      | Reached XP level 2. HP: 27/27 MP: 1/1
   786 | D:2      | Found Xenaitu's Antique Weapon Shop.
   868 | D:2      | Found a hazy altar of Hepliaklqana.
  1025 | D:2      | Reached skill level 1 in Dodging
  1091 | D:2      | Reached skill level 4 in Fighting
  1091 | D:2      | Reached XP level 3. HP: 33/33 MP: 2/2
  1226 | D:2      | Found Gauren's Jewellery Emporium.
  1272 | D:2      | Found Riwoet's Jewellery Shop.
  1507 | D:3      | Noticed Sigmund
  1514 | D:3      | Killed Sigmund
  1515 | D:3      | Reached skill level 5 in Axes
  1515 | D:3      | Reached XP level 4. HP: 18/41 MP: 3/3
  1515 | D:3      | Reached XP level 5. HP: 21/47 MP: 4/4
  2041 | D:3      | Found a snail-covered altar of Cheibriados.
  2250 | D:4      | Reached skill level 5 in Fighting
  2250 | D:4      | Reached skill level 5 in Armour
  2273 | D:4      | Reached XP level 6. HP: 51/56 MP: 5/5
  2361 | D:4      | Noticed Edmund
  2368 | D:4      | Killed Edmund
  2626 | D:4      | Noticed Grinder
  2626 | D:4      | Paralysed by Grinder for 6 turns
  2639 | D:4      | Killed Grinder
  2640 | D:4      | Reached skill level 6 in Fighting
  2640 | D:4      | Reached XP level 7. HP: 47/64 MP: 6/6
  2756 | D:4      | Found a basalt altar of Yredelemnul.
  2995 | D:4      | Noticed Duvessa
  2995 | D:4      | Noticed Dowan
  3005 | D:4      | Killed Duvessa
  3006 | D:4      | Reached skill level 7 in Fighting
  3009 | D:4      | Killed Dowan
  3383 | D:5      | Entered Level 5 of the Dungeon
  3403 | D:5      | Identified the +10 trident "Hell-Harrower" {venom, Fragile
                  | Str+4 Int+3}
  3412 | D:5      | Identified the +3 dagger "Irau" {vorpal, rElec rPois}
  3474 | D:5      | Reached skill level 1 in Polearms
  3647 | D:5      | Found a burning altar of Makhleb.
  3808 | D:5      | Reached XP level 8. HP: 64/73 MP: 7/7
  3941 | D:5      | Found Faess's Assorted Antiques.
  4287 | D:6      | Noticed Pikel
  4296 | D:6      | Killed Pikel
  4297 | D:6      | Reached skill level 9 in Fighting
  4465 | D:6      | Reached skill level 10 in Fighting
  4484 | D:6      | Noticed Eustachio
  4499 | D:6      | Killed Eustachio
  4505 | D:6      | Reached XP level 9. HP: 67/85 MP: 8/8
  4532 | D:6      | Found a sand-covered staircase.
  4537 | Ossuary  | Entered an ossuary
  4815 | D:6      | Found a shimmering blue altar of Sif Muna.
  4815 | D:6      | Found an ancient bone altar of Kikubaaqudgha.
  4817 | D:6      | Found a radiant altar of Vehumet.
  4820 | D:6      | Got Kikubaaqudgha's Incunabulum of Sinister Arts
  4872 | D:6      | Reached skill level 5 in Dodging
  4904 | D:6      | Found Qofrys Zitzu's Book Shop.
  5380 | D:7      | Reached skill level 5 in Polearms
  5518 | D:7      | Found a staircase to the Ecumenical Temple.
  5534 | Temple   | Entered the Ecumenical Temple
  5861 | D:7      | Found an iron altar of Okawaru.
  5894 | D:7      | Became a worshipper of Warmaster Okawaru
  5916 | D:7      | Reached skill level 11 in Fighting
  5918 | D:7      | Reached skill level 1 in Invocations
  6324 | D:7      | Found an ornate altar of the Wu Jian Council.
  6476 | D:8      | Reached * piety under Okawaru
  6477 | D:8      | Reached XP level 10. HP: 90/96 MP: 10/10
  6624 | D:8      | Found a stormy altar of Qazlal.
  6674 | D:8      | Found Caaggaep's Jewellery Emporium.
  6843 | D:8      | Found a shimmering altar of Xom.
  6921 | D:8      | Found a glowing silver altar of Zin.
  7444 | D:9      | Reached ** piety under Okawaru
  7453 | D:9      | Reached skill level 12 in Fighting
  7906 | D:9      | Found a sparkling altar of Nemelex Xobeh.
  8138 | D:10     | Entered Level 10 of the Dungeon
  8225 | D:10     | Noticed a cyclops
  8233 | D:10     | Killed a cyclops
  8288 | D:10     | Reached *** piety under Okawaru
  8632 | D:10     | Reached XP level 11. HP: 104/104 MP: 13/13
  8644 | D:10     | Reached skill level 10 in Armour
  8806 | D:10     | Noticed an ogre mage
  8806 | D:10     | Noticed a four-headed hydra
  8808 | D:10     | Noticed a centaur warrior
  8815 | D:10     | Killed a four-headed hydra
  8815 | D:10     | Reached **** piety under Okawaru
  8817 | D:10     | Killed an ogre mage
  8822 | D:10     | Killed a centaur warrior
  9019 | D:10     | Identified the +8 rapier of Past Mistakes {elec, rC+ Dex+2}
  9025 | D:10     | Noticed a tengu warrior
  9051 | D:10     | Killed a tengu warrior
  9051 | D:10     | HP: 4/105 [slime creature (12)]
  9057 | D:10     | Noticed an ogre mage
  9385 | D:10     | Killed an ogre mage
  9386 | D:10     | Reached skill level 13 in Fighting
  9488 | D:10     | Found a broken altar of Ashenzari.
  9518 | D:10     | Identified the +0 helmet of Xuyj {Str+2 SInv}
  9525 | D:10     | Noticed a flayed ghost
  9525 | D:10     | Noticed a two-headed ogre
  9546 | D:10     | Killed a flayed ghost
  9550 | D:10     | Reached skill level 14 in Fighting
  9555 | D:10     | Killed a two-headed ogre
  9571 | D:10     | Reached ***** piety under Okawaru
  9786 | D:10     | Identified the +1 falchion "Efacwuil" {pain, rF+}
  9793 | D:10     | Noticed a white ugly thing
  9799 | D:10     | Killed a white ugly thing
 10200 | D:10     | Noticed a centaur warrior
 10210 | D:10     | Reached XP level 12. HP: 69/117 MP: 14/14
 10216 | D:10     | Killed a centaur warrior
 10623 | D:10     | Identified the +4 spear of Icviada {venom, rPois rC- Str+4
                  | Dex+4} (Okawaru gifted it to you on level 10 of the
                  | Dungeon)
 10623 | D:10     | Received a gift from Okawaru
 10629 | D:10     | Reached skill level 10 in Dodging
 11210 | D:10     | Noticed a two-headed ogre
 11216 | D:10     | Killed a two-headed ogre
 11358 | D:11     | Found a staircase to the Lair.
 11365 | Lair:1   | Entered Level 1 of the Lair of Beasts
 11414 | Lair:1   | Noticed Sonja
 11434 | Lair:1   | Killed Sonja
 11435 | Lair:1   | Reached skill level 5 in Invocations
 11726 | Lair:1   | Noticed Urug
 11738 | Lair:1   | Killed Urug
 11739 | Lair:1   | Reached skill level 10 in Polearms
 12027 | Lair:1   | Reached skill level 15 in Fighting
 12335 | Lair:2   | Identified a scroll of acquirement
 12335 | Lair:2   | Acquired a manual of Fighting
 12409 | Lair:2   | Found a staircase to the Shoals.
 12492 | Lair:2   | Noticed Gastronok
 12507 | Lair:2   | Killed Gastronok
 12507 | Lair:2   | Reached ****** piety under Okawaru
 12507 | Lair:2   | Received a gift from Okawaru
 12704 | Lair:2   | Noticed a five-headed hydra
 12710 | Lair:2   | Killed a five-headed hydra
 12749 | Lair:2   | Reached skill level 16 in Fighting
 12766 | Lair:2   | Reached XP level 13. HP: 99/129 MP: 15/15
 13022 | Lair:2   | HP: 5/130 [cane toad (5)]
 14097 | Lair:3   | Reached skill level 17 in Fighting
 14246 | Lair:3   | Received a gift from Okawaru
 15112 | Lair:3   | You fall into a shaft and drop 3 floors!
 15112 | Lair:6   | Entered Level 6 of the Lair of Beasts
 15171 | Lair:6   | Reached skill level 18 in Fighting
 15791 | Lair:4   | Reached skill level 19 in Fighting
 16073 | Lair:4   | Received a gift from Okawaru
 16304 | Lair:4   | Found a hole to the Spider Nest.
 16329 | Lair:4   | Reached skill level 20 in Fighting
 17624 | Lair:6   | Noticed Nessos
 17642 | Lair:6   | HP: 7/141 [Nessos/arrow (2)]
 17643 | Lair:5   | Succumbed to Nessos's poison

Illustrated notes

Levels and vault maps discovered:
D:1:      matt_arrival_diagonals, layout_loops_corners
D:2:      layout_basic, basic_altar, serial_shops, shop_statue,
          nicolae_square_shop, shop
D:3:      layout_loops_cross, kennysheep_slug_shrine, minmay_misc_feat_square,
          minmay_fractal_squares_5, uniq_sigmund
D:4:      layout_gridville, lemuel_round_altar, uniq_grinder, uniq_edmund,
          uniq_duvessa
D:5:      layout_basic, mainiacjoe_overflow_tiny_flanked, serial_shops,
          nicolae_shop_hallway_plus
D:6:      black_bear_nest_1, layout_basic, grunt_temple_overflow_magic_moments,
          nicolae_ossuary_entry_catacombs, minmay_shop_grid_forest, uniq_pikel,
          uniq_eustachio
D:7:      layout_rooms, nicolae_wu_jian_immortal_techniques,
          okawaru_metal_pillars_3, minmay_temple_entry_butterflies,
          minmay_manual_moon
D:8:      layout_rooms, zin_treasury, grunt_qazlal_sundering, dk_xom_monty_hall,
          minmay_shop_enchanted_jewellery
D:9:      layout_cave_pools, nemelex_diamond_rough_becter
D:10:     minmay_the_grid_square_5x5_4x4 [minmay_the_grid_square_5x5_inner_i,
          minmay_the_grid_square_5x5_inverted_slash,
          minmay_the_grid_square_5x5_v, minmay_the_grid_square_5x5_three_walls,
          minmay_the_grid_square_5x5_dogpile,
          minmay_the_grid_square_5x5_prize_snowflake,
          minmay_the_grid_square_5x5_prize_monsterx,
          minmay_the_grid_square_5x5_bracketed, minmay_the_grid_square_5x5_n,
          minmay_the_grid_square_5x5_prize_junk,
          minmay_the_grid_square_5x5_prize_rear_guard,
          minmay_the_grid_square_5x5_intrusive_squares,
          minmay_the_grid_square_5x5_hourglass,
          minmay_the_grid_square_5x5_slash, minmay_the_grid_square_5x5_percent,
          minmay_the_grid_square_5x5_forky], layout_basic, lemuel_doored_altar,
          chequers_serial_rivers_micro_e, eino_jars
D:11:     layout_irregular_city, lair_entry_dummy, zombieorc2_lemuel
Temple:   compressed_dpeg_triangle_lava_temple
Lair:1:   layout_hall_layers, uniq_urug, uniq_sonja
Lair:2:   layout_cave_pods, minmay_shoals_entry_centaurs, special_room,
          serial_bayou_shore_a, grunt_megastairs_3, lemuel_fruit_tree,
          uniq_gastronok
Lair:3:   layout_roguey, special_room, minmay_hedge_maze
Lair:4:   layout_gridlike, spider_nest_entry_web_field
Lair:5:   layout_gridlike
Lair:6:   grunt_lair_end_beastmaster, layout_long_grid, slime_dummy,
          grunt_megastairs_4, infiniplex_staircase_pool, uniq_nessos

Skill      XL: |  1  2  3  4  5  6  7  8  9 10 11 12 13 |
---------------+----------------------------------------+-----
Dodging        | 1 2 3 5 7 9 10 | 10.0
Fighting       | 4 5 6 7 10 11 12 14 16 20 | 20.8
Axes           | 3 5 6 7 |  7.0
Armour         | 4 5 6 8 9 11 12 | 12.3
Shields        | 4 |  4.0
Polearms       | 3 6 7 8 11 13 | 13.3
Invocations    | 2 4 5 |  5.0

Action                   |  1- 3 |  4- 6 |  7- 9 | 10-12 | 13-15 || total
-------------------------+-------+-------+-------+-------+-------++-------
Melee: War axe           |    61 |    46 |    22 |       |       ||   129
       Headbutt          |     5 |    11 |    38 |   120 |    66 ||   240
       Trident           |       |       |   222 |   534 |   253 ||  1009
Invok: Heroism           |       |       |       |     3 |       ||     3
  Use: Potion            |     1 |       |       |     2 |     5 ||     8
       Scroll            |       |       |    10 |    14 |     6 ||    30
 Stab: Petrified         |       |       |       |       |     7 ||     7
Armor: Scale mail        |    39 |    22 |    53 |       |       ||   114
       Plate armour      |       |       |     6 |   243 |   125 ||   374
Dodge: Dodged            |    26 |    22 |    86 |   214 |    73 ||   421
Block: Buckler           |    17 |     3 |    27 |   110 |    34 ||   191

Table legend: (Time is in decaauts)
 A = Elapsed time spent in this place.
 B = Non-inter-level travel time spent in this place.
 C = Inter-level travel time spent in this place.
 D = Time resting spent in this place.
 E = Time spent auto-exploring this place.
 F = Levels seen in this place.
 G = Mean time per level.
                   A        B        C        D        E       F      G
               +--------+--------+--------+--------+--------+-----+--------+
         Total |  17496 |  16686 |    810 |   2265 |  11706 |  19 |  920.8 |
       Dungeon |  10969 |  10459 |    510 |   1588 |   7130 |  11 |  997.2 |
        Temple |    243 |    225 |     18 |      0 |    216 |   1 |  243.0 |
          Lair |   6073 |   5791 |    282 |    677 |   4235 |   6 | 1012.2 |
       Ossuary |    209 |    209 |      0 |      0 |    125 |   1 |  209.0 |
               +--------+--------+--------+--------+--------+-----+--------+

Top non-repeatable levels by time:
    D:10: 2252 daAuts
     D:9: 1872 daAuts
  Lair:2: 1631 daAuts
  Lair:3: 1222 daAuts
     D:4: 1157 daAuts
  Lair:4: 957 daAuts
     D:5: 907 daAuts
     D:6: 901 daAuts
     D:7: 887 daAuts
  Lair:1: 886 daAuts
     D:1: 793 daAuts
     D:2: 792 daAuts
     D:3: 785 daAuts
  Lair:6: 756 daAuts
  Lair:5: 617 daAuts
